General information
- name: BNet
- type: Ladder team game (AT/RT)
- host: Battle.net
- saver: timg4strok
map: EmeraldShores
- players: 4
- length: 13:54
- speed: Fast
- version: 1.21 W3XP
- replay type:

» download(65 KB)
Players
team 1 (winner)

»
iggy_the_fisk (
pink | 83 APM | 1150 actions | 13:53)
4 Far Seer
2 Feral Spirit
2 Chain Lighting
4 Tauren Chieftain
2 Shockwave
1 War Stomp
1 Endurance Aura
» actions
| Assign group hotkey | 87 | |
| Basic commands | 21 | |
| Build / train | 44 | |
| Enter build submenu | 16 | |
| Enter hero's abilities submenu | 8 | |
| Right click | 597 | |
| Select / deselect | 210 | |
| Select group hotkey | 116 | |
| Use ability | 51 | |
1150 total
» units
| Peon | 13 | |
| Grunt | 5 | |
| Raider | 3 | |
| Spirit Walker | 3 | |
| Kodo Beast | 1 | |
| Tauren | 1 | |
26 total
» upgrades
| Berserker Strength | 1 | |
| Ensnare | 1 | |
| Spirit Walker Training | 2 | |
| Pillage | 1 | |
5 total
» buildings
| Altar of Storms | 1 | |
| Orc Burrow | 6 | |
| Barracks | 1 | |
| Voodoo Lounge | 1 | |
| Stronghold | 2 | |
| Beastiary | 1 | |
| War Mill | 1 | |
| Spirit Lodge | 1 | |
| Fortress | 1 | |
| Great Hall | 1 | |
| Tauren Totem | 1 | |
17 total
» build order
00:04 Altar of Storms
00:16 Orc Burrow
00:49 Barracks
01:35 Orc Burrow
02:15 Voodoo Lounge
03:10 Stronghold
03:10 Stronghold
03:42 Orc Burrow
04:47 Orc Burrow
05:46 Beastiary
05:50 War Mill
07:18 Spirit Lodge
08:23 Fortress
09:19 Great Hall
11:02 Tauren Totem
11:33 Orc Burrow
11:37 Orc Burrow

»
timg4strok (
blue | 92 APM | 1278 actions | 13:54)
4 Tauren Chieftain
2 Shockwave
2 Endurance Aura
3 Far Seer
2 Chain Lighting
1 Feral Spirit
» actions
| Assign group hotkey | 19 | |
| Basic commands | 94 | |
| Build / train | 38 | |
| Enter build submenu | 14 | |
| Enter hero's abilities submenu | 7 | |
| Give item / drop item | 2 | |
| Right click | 431 | |
| Select / deselect | 104 | |
| Select group hotkey | 535 | |
| Use ability | 34 | |
1278 total
» units
» upgrades
| Berserker Strength | 1 | |
| Ranged Weapons | 1 | |
| Burning Oil | 1 | |
3 total
» buildings
| Altar of Storms | 1 | |
| Orc Burrow | 6 | |
| Barracks | 2 | |
| Voodoo Lounge | 1 | |
| Stronghold | 1 | |
| War Mill | 1 | |
| Beastiary | 1 | |
| Fortress | 1 | |
| Great Hall | 1 | |
15 total
» build order
00:09 Altar of Storms
00:16 Orc Burrow
00:44 Barracks
01:31 Orc Burrow
02:17 Voodoo Lounge
03:16 Stronghold
03:40 Orc Burrow
04:17 War Mill
05:59 Beastiary
06:02 Barracks
06:09 Orc Burrow
07:55 Fortress
07:58 Orc Burrow
10:27 Orc Burrow
12:09 Great Hall
» items
| Lesser Clarity Potion | 2 | |
| Boots of Speed | 1 | |
| Scroll of Town Portal | 1 | |
4 total
team 2 (loser)
name.is.jonas (
orange | 42 APM | 589 actions | 13:52)
3 Death Knight
2 Death Coil
1 Unholy Aura
1 Lich
1 Frost Armor
1 Firelord
1 Summon Lava Spawn
» actions
| Assign group hotkey | 24 | |
| Build / train | 39 | |
| Enter build submenu | 11 | |
| Enter hero's abilities submenu | 5 | |
| Give item / drop item | 3 | |
| Right click | 327 | |
| Select / deselect | 123 | |
| Select group hotkey | 19 | |
| Use ability | 38 | |
589 total
» units
| Acolyte | 4 | |
| Ghoul | 3 | |
| Crypt Fiend | 6 | |
| Obsidian Statue | 2 | |
| Abomination | 2 | |
17 total
» upgrades
» buildings
| Graveyard | 1 | |
| Crypt | 1 | |
| Altar of Darkness | 1 | |
| Ziggurat | 5 | |
| Tomb of Relics | 1 | |
| Nerubian Tower | 1 | |
| Halls of the Dead | 1 | |
| Slaughterhouse | 1 | |
| Black Citadel | 1 | |
| Spirit Tower | 2 | |
15 total
» build order
00:07 Graveyard
00:11 Crypt
00:41 Altar of Darkness
00:57 Ziggurat
01:23 Tomb of Relics
02:00 Nerubian Tower
02:13 Ziggurat
03:43 Halls of the Dead
04:15 Ziggurat
05:47 Ziggurat
06:16 Slaughterhouse
06:19 Black Citadel
07:55 Ziggurat
13:27 Spirit Tower
13:29 Spirit Tower
» items
| Rod of Necromancy | 1 | |
| Scroll of Town Portal | 1 | |
| Orb of Corruption | 1 | |
| Sacrificial Skull | 1 | |
4 total
VERTRAAAAAAAAAG (
purple | 73 APM | 994 actions | 13:42)
1 Death Knight
1 Death Coil
3 Dreadlord
2 Sleep
1 Vampiric Aura
» actions
| Assign group hotkey | 74 | |
| Basic commands | 2 | |
| Build / train | 40 | |
| ESC pressed | 2 | |
| Enter build submenu | 14 | |
| Enter hero's abilities submenu | 4 | |
| Give item / drop item | 3 | |
| Right click | 417 | |
| Select / deselect | 129 | |
| Select group hotkey | 262 | |
| Use ability | 47 | |
994 total
» units
| Acolyte | 9 | |
| Ghoul | 3 | |
| Crypt Fiend | 6 | |
| Obsidian Statue | 3 | |
21 total
» upgrades
» buildings
| Graveyard | 1 | |
| Crypt | 1 | |
| Altar of Darkness | 1 | |
| Ziggurat | 7 | |
| Tomb of Relics | 1 | |
| Nerubian Tower | 1 | |
| Halls of the Dead | 1 | |
| Black Citadel | 1 | |
| Slaughterhouse | 2 | |
16 total
» build order
00:09 Graveyard
00:13 Crypt
00:42 Altar of Darkness
00:58 Ziggurat
01:25 Tomb of Relics
02:08 Ziggurat
02:11 Nerubian Tower
04:44 Halls of the Dead
04:47 Ziggurat
06:09 Ziggurat
07:05 Black Citadel
07:08 Slaughterhouse
10:12 Slaughterhouse
11:24 Ziggurat
11:26 Ziggurat
11:28 Ziggurat
» items
| Rod of Necromancy | 2 | |
| Potion of Healing | 2 | |
| Sacrificial Skull | 1 | |
| Scroll of Town Portal | 1 | |
6 total
Chat log
(13:40 / All) VERTRAAAAAAAAAG: you guys must collect rabbits feet for a living